 Dungeon Crawl Stone Soup version 0.27-a0-1154-gfdeffcb (webtiles) character file.

Game seed: 1412919256486638126

57 Meow the Stinger (level 4, 36/36 HPs)
             Began as a Naga Venom Mage on May 14, 2021.
             Quit the game on level 2 of the Dungeon.
             The game lasted 00:04:26 (989 turns).

Meow the Stinger (Naga Venom Mage)                   Turns: 989, Time: 00:04:27

Health: 36/36      AC:  2    Str: 10    XL:     4   Next: 0%
Magic:  8/8        EV: 10    Int: 16    God:
Gold:   56         SH:  0    Dex: 12    Spells: 5/9 levels left

rFire    . . .     SeeInvis +   a - +2 dagger (venom)
rCold    . . .     Faith    .   (no shield)
rNeg     . . .     Spirit   .   k - +0 robe
rPois    +         Reflect  .   (no helmet)
rElec    .         Harm     .   (no cloak)
rCorr    .         Rampage  .   (no gloves)
Will     .....                  (no barding)
Stlth    ++........             (no amulet)
HPRegen  0.12/turn              (no ring)
MPRegen  0.11/turn              (no ring)

@: short of breath, very slow
A: AC +1, large, see invisible, deformed body, poison resistance, slowness 2,
spit poison 1, naga tail 1
a: Spit Poison


You were on level 2 of the Dungeon.
You visited 1 branch of the dungeon, and saw 2 of its levels.

You collected 56 gold pieces.

Inventory:

Hand Weapons
 a - a +2 dagger of venom (weapon)
 b - a +0 hand axe
Missiles
 c - 74 arrows
 e - 11 stones (quivered)
Armour
 k - a +0 robe (worn)
Scrolls
 d - a scroll of immolation {unknown}
 f - 2 scrolls of teleportation {unknown}
 h - a scroll of vulnerability {unknown}
 i - a scroll of blinking {unknown}
 j - a scroll of summoning {unknown}
 l - a scroll of enchant armour {unknown}
Potions
 g - a potion of attraction {unknown}
 m - a potion of brilliance {unknown}
 n - a potion of degeneration {unknown}


   Skills:
 - Level 1.5 Dodging
 - Level 3.0 Stealth
 + Level 3.0 Spellcasting
 - Level 1.0 Transmutations
 + Level 5.2 Poison Magic


You had 5 spell levels left.
You knew the following spells:

 Your Spells              Type           Power      Damage    Failure   Level
a - Sting                 Tmut/Pois      48%        1d5       4%          1
c - Mephitic Cloud        Conj/Pois/Air  8%         N/A       26%         3

Your spell library contained the following spells:

 Spells                   Type           Power      Damage    Failure   Level
 Poisonous Vapours        Pois/Air       20%        N/A       10%         2
 Shock                    Conj/Air       8%         1d3       19%         1
 Olgreb's Toxic Radiance  Pois           19%        N/A       22%         4
 Ignite Poison            Fire/Tmut/Pois 9%         N/A       24%         3
 Static Discharge         Conj/Air       2%         N/A       28%         2
 Swiftness                Air            2%         N/A       50%         3
 Airstrike                Air            1%         N/A       88%         4
 Lightning Bolt           Conj/Air       1%         1d12      99%         5


Dungeon Overview and Level Annotations

Branches:
Dungeon (2/15)

Altars:


Innate Abilities, Weirdness & Mutations

Your serpentine skin is tough. (AC +1)
You have supernaturally acute eyesight. (SInv)
Armour fits poorly on your strangely shaped body.
Your system is resistant to poisons. (rPois)
You cover ground very slowly.
You can spit poison.
You have a snake-like lower body.


Message History

Unknown command.
Casting: Mephitic Cloud (quite dangerous; 26% risk of failure)
Confirm with . or Enter, or press ? or * to list all spells.
Aiming: Sting (safe; 5% risk of failure)
Press: ? - help, Shift-Dir - straight line, f/p - rat
Aim: a rat (71% to hit)
The sting misses the rat.
You hit the rat.
The rat is poisoned.
The rat is severely wounded.
The rat bites you but does no damage.
You hit the rat but do no damage.
The rat looks even sicker.
The rat is severely wounded.
The rat bites you but does no damage.
You barely miss the rat.
The rat is severely wounded.
The rat barely misses you.
You hit the rat but do no damage.
The rat looks as sick as possible!
The rat is severely wounded.
You have got your breath back.
You kill the rat!
Magic restored.
You see here a rat corpse.
e - 11 stones (gained 1)
e - 12 stones (gained 1)
A bat comes into view.
The bat moves out of view.
A bat is nearby!
A bat is nearby!
Throw: 12 stones
Press: ? - help, Q - select action, (/) - cycle Shift-Dir - straight line, f - bat
Aim: a bat (37% to hit)
You throw a stone. The stone completely misses the bat.
Unknown command.
Press: ? - help, Shift-Dir - straight line, f/p - bat
Aim: a bat The splash of poison hits the bat.
The bat is poisoned.
You kill the bat!
You have reached level 4!
You feel agile.
Are you sure you want to abandon this character and quit the game? (Confirm with "yes".)

#.......................(
.........(...............
#....#........##...#....#
.........................
.............).....#....#
#....#..#....†##.........
............)...........#
......................#.# #.#
.....##.#..#..##@..#..#.# ##.##.#
......................... .....#
..##.####..#..##..##..### #.##.#
#.# ##..#..##..##..######.##.#
..##g###.........................
................................#
.########.....##......######.##.#
#.##..##...........†....#
#.###.###.###.######.####


There were no monsters in sight!

Vanquished Creatures
  2 gnolls (D:2)
  A dart slug (D:1)
  2 ball pythons (D:1)
  4 bats
  4 endoplasms
  2 giant cockroaches (D:1)
  4 goblins
  4 jackals (D:1)
  2 kobolds
  A quokka (D:2)
  A frilled lizard (D:1)
  4 rats
31 creatures vanquished.

Notes
Turn   | Place    | Note
-------+----------+-------------------------------------------
     0 | D:1      | Meow the Naga Venom Mage began the quest for the Orb.
     0 | D:1      | Reached XP level 1. HP: 15/15 MP: 3/3
    56 | D:1      | Reached XP level 2. HP: 22/22 MP: 5/5
   515 | D:1      | Reached XP level 3. HP: 28/28 MP: 4/6
   519 | D:1      | Learned a level 3 spell: Mephitic Cloud
   832 | D:2      | Reached skill level 5 in Poison Magic
   989 | D:2      | Reached XP level 4. HP: 36/36 MP: 8/8
   989 | D:2      | Quit the game

Illustrated notes

Levels and vault maps discovered:
D:1:      evilmike_arrival_plus, layout_rooms
D:2:      layout_basic, minmay_tetromino_t4

Skill      XL: |  1  2  3 |
---------------+----------+-----
Poison Magic   | 5 |  5.2
Spellcasting   | 3 |  3.0
Dodging        | |  1.5
Stealth        | |  3.0
Transmutations | |  1.0

Action                   |  1- 3 |  4- 6 || total
-------------------------+-------+-------++-------
Melee: Dagger            |    14 |       ||    14
Throw: Stone             |     6 |       ||     6
 Cast: Sting             |    20 |       ||    20
       Mephitic Cloud    |     3 |       ||     3
 Abil: Spit Poison       |    33 |       ||    33
Armor: Robe              |     6 |       ||     6
Dodge: Dodged            |     7 |       ||     7

Table legend: (Time is in decaauts)
 A = Elapsed time spent in this place.
 B = Non-inter-level travel time spent in this place.
 C = Inter-level travel time spent in this place.
 D = Time resting spent in this place.
 E = Time spent auto-exploring this place.
 F = Levels seen in this place.
 G = Mean time per level.
                   A        B        C        D        E       F      G
               +--------+--------+--------+--------+--------+-----+--------+
         Total |   1253 |   1171 |     82 |    207 |    655 |   2 |  626.5 |
       Dungeon |   1253 |   1171 |     82 |    207 |    655 |   2 |  626.5 |
               +--------+--------+--------+--------+--------+-----+--------+

Top non-repeatable levels by time:
     D:1: 811 daAuts
     D:2: 442 daAuts
